 Dungeon Crawl Stone Soup version 0.31-a0-1511-g961fd35ebc (webtiles) character file.

Game seed: 17865043297473654245

362 Bnni the Apothecary (level 6, -1/47 HPs)
             Began as a Formicid Alchemist on Dec 30, 2023.
             Slain by a sleepcap (4 damage)
             ... on level 5 of the Dungeon.
             The game lasted 00:09:04 (3482 turns).

Bnni the Apothecary (Formicid Alchemist)            Turns: 3482, Time: 00:09:05

Health: -1/47      AC:  4    Str: 16    XL:     6   Next: 99%
Magic:  2/11       EV: 12    Int: 16    God:
Gold:   126        SH:  0    Dex: 14    Spells: 2/12 levels left

rFire   . . .        s - +9 whip "Waurpheucs" {flame, ^Fragile Fly rC+ Str+3}
rCold   + . .        (no shield)
rNeg    . . .        a - +0 robe
rPois   .            (helmet unavailable)
rElec   .            (no cloak)
rCorr   .            g - +0 pair of gloves
SInv    +            v - +0 pair of boots
Will    .....        (no amulet)
Stlth   ++           (no ring)
HPRegen 0.27/turn    (no ring)
MPRegen 0.12/turn

%: no passive effects
@: flying
A: permanent stasis, dig shafts and tunnels, antennae 3, four strong arms
a: Dig, Shaft Self


You were on level 5 of the Dungeon.
You visited 1 branch of the dungeon, and saw 5 of its levels.

You collected 203 gold pieces.
You spent 77 gold pieces at shops.

Inventory:

Hand Weapons
 s - the +9 whip "Waurpheucs" (weapon) {flame, ^Fragile Fly rC+ Str+3}
   (You found it on level 2 of the Dungeon)

   Str+3:     It affects your strength (+3).
   rC+:       It protects you from cold.
   Fly:       It grants you flight.
   ^Fragile:  It will be destroyed if unequipped.
Armour
 a - a +0 robe (worn)
 g - a +0 pair of gloves (worn)
 h - a +0 ring mail
 v - a +0 pair of boots (worn)
Scrolls
 c - 2 scrolls of teleportation {unknown}
 d - a scroll of immolation {unknown}
 f - 3 scrolls of revelation {unknown}
 j - a scroll of torment {unknown}
 k - a scroll of acquirement {unknown}
 l - 2 scrolls of blinking {unknown}
 m - 3 scrolls of identify {unknown}
 o - 2 scrolls of amnesia {unknown}
 u - a scroll of poison {unknown}
Potions
 b - a potion of magic
 e - a potion of mutation {unknown}
 i - a potion of lignification {unknown}
 n - a potion of degeneration {unknown}
 p - 3 potions of heal wounds
 q - a potion of brilliance {unknown}
 r - 2 potions of might {unknown}
 t - a potion of attraction {unknown}


   Skills:
 + Level 3.2 Fighting
 - Level 1.7 Dodging
 - Level 2.4 Stealth
 + Level 3.8 Spellcasting
 + Level 1.4 Conjurations
 * Level 7.2 Alchemy


You had 2 spell levels left.
You knew the following spells:

 Your Spells              Type           Power      Damage    Failure   Level
a - Sting                 Conj/Alch      64%        1d7       3%          1
b - Mercury Vapours       Alch/Air       28%        N/A       6%          2
c - Mephitic Cloud        Conj/Alch/Air  12%        N/A       16%         3
d - Olgreb's Toxic Radia  Alch           26%        N/A       9%          4

Your spell library contained the following spells:

 Spells                   Type           Power      Damage    Failure   Level
 Call Imp                 Summ           6%         N/A       26%         2
 Lesser Beckoning         Tloc           6%         N/A       26%         2
 Sublimation of Blood     Necr           3%         N/A       26%         2
 Sticky Flame             Fire/Alch      14%        2d5       36%         4
 Gell's Gravitas          Tloc           3%         N/A       45%         3
 Teleport Other           Tloc           3%         N/A       45%         3
 Summon Hydra             Summ           1%         N/A       100%        7


Dungeon Overview and Level Annotations

Branches:
Dungeon (5/15)
 Temple: D:4-7

Altars:
Wu Jian

Shops:
D:2 !   D:3 *


Innate Abilities, Weirdness & Mutations

You cannot be hasted, slowed, berserked, paralysed or teleported.
You can dig through walls and to a lower floor.
You have a pair of large antennae on your head. (SInv)
Your four strong arms can wield two-handed weapons with a shield.


Message History

Casting: Olgreb's Toxic Radiance (dangerous; 9% risk of failure)
Confirm with . or Enter, or press ? or * to list all spells.
Aiming: Sting (safe; 3% risk of failure)
Press: ? - help, Shift-Dir - straight line, f/p - sleepcap
Aim: a sleepcap (100% to hit)
The sting hits the sleepcap.
The sleepcap partially resists.
The sleepcap is poisoned.
The sleepcap is lightly damaged.
The sleepcap releases spores at you.
* * * LOW HITPOINT WARNING * * *
The iguana barely misses you.
Unknown command.
Casting: Sting (safe; 3% risk of failure)
Confirm with . or Enter, or press ? or * to list all spells.
Aiming: Sting (safe; 3% risk of failure)
Press: ? - help, Shift-Dir - straight line, f/p - sleepcap
Aim: a sleepcap (lightly damaged, poisoned, 100% to hit)
The sting hits the sleepcap.
The sleepcap partially resists.
The sleepcap looks even sicker.
The sleepcap is lightly damaged.
You kill the iguana!
The sleepcap releases spores at you!
* * * LOW HITPOINT WARNING * * *
Unknown command.
You have nothing you can fire or use right now.
Unknown command.
Casting: Sting (safe; 3% risk of failure)
Confirm with . or Enter, or press ? or * to list all spells.
Aiming: Sting (safe; 3% risk of failure)
Press: ? - help, Shift-Dir - straight line, f/p - sleepcap
Aim: a sleepcap (moderately damaged, very poisoned, 100% to hit)
The sting hits the sleepcap but does no damage.
The sleepcap looks even sicker.
The sleepcap is moderately damaged.
The sleepcap closely misses you.
Unknown command.
You completely miss the sleepcap.
The sleepcap is moderately damaged.
The sleepcap releases spores at you.
You die...

... ... .....# .....
########.#.#
..........#
#....?...#
#.....†..# ##.
#.....Wf.##...
###.....@........
#..............#.
#.#.................
#.................
#.................
######...........#
#............
##...........#
####.............


You could see a phantom and a sleepcap (very poisoned).

Vanquished Creatures
  2 bombardier beetles
  An orc priest (D:3)
  2 iguanas
  2 orc wizards
  A gnoll (D:1)
  3 adders
  3 dart slugs
  3 ribbon worms
  20 orcs
  4 ball pythons
  5 endoplasms
  5 giant cockroaches
  10 goblins
  7 hobgoblins
  4 jackals (D:2)
  3 quokkas
  6 bats
  2 frilled lizards (D:1)
  8 kobolds
  8 rats
99 creatures vanquished.

Notes
Turn   | Place    | Note
-------+----------+-------------------------------------------
     0 | D:1      | Bnni the Formicid Alchemist began the quest for the Orb.
     0 | D:1      | Reached XP level 1. HP: 13/13 MP: 3/3
   205 | D:1      | Reached XP level 2. HP: 20/20 MP: 0/5
   324 | D:1      | Reached skill level 1 in Fighting
   435 | D:1      | Learned a level 2 spell: Mercury Vapours
   539 | D:1      | Reached XP level 3. HP: 26/26 MP: 4/6
   641 | D:1      | Reached skill level 5 in Alchemy
  1159 | D:2      | Identified the +9 whip "Waurpheucs" {flame, ^Fragile Fly
                  | rC+ Str+3}
  1272 | D:2      | Reached XP level 4. HP: 30/32 MP: 4/8
  1486 | D:2      | Learned a level 4 spell: Olgreb's Toxic Radiance
  1704 | D:2      | Found Puuxt's Distillery.
  1712 | D:2      | Bought a potion of heal wounds for 55 gold pieces
  1916 | D:3      | Reached XP level 5. HP: 38/38 MP: 9/9
  2006 | D:3      | Reached skill level 6 in Alchemy
  2219 | D:3      | Found Goipp's Assorted Antiques.
  2235 | D:3      | Bought a scroll labelled REKHLA GIGRECAN for 22 gold pieces
  2252 | D:3      | Found an ornate altar of the Wu Jian Council.
  2375 | D:3      | Reached XP level 6. HP: 45/46 MP: 6/11
  2913 | D:4      | Reached skill level 1 in Conjurations
  2958 | D:4      | Reached skill level 7 in Alchemy
  3434 | D:5      | Entered Level 5 of the Dungeon
  3439 | D:5      | Learned a level 3 spell: Mephitic Cloud
  3482 | D:5      | Slain by a sleepcap

Illustrated notes

Levels and vault maps discovered:
D:1:      heliophobic_arrival_ceremonial_halls, layout_rooms,
          minmay_misc_feat_tower
D:2:      layout_basic, serial_shops, shop
D:3:      corexii_shack_village, layout_loops_ring, old_standard_altar,
          serial_shops, nicolae_shop_peninsula
D:4:      layout_gridville
D:5:      layout_rooms, okawaru_metal_pillars_1_2, kennysheep_flooded_box

Skill      XL: |  1  2  3  4  5  6 |
---------------+-------------------+-----
Fighting       | 1 2 3 |  3.2
Alchemy        | 5 6 7 |  7.2
Spellcasting   | 3 |  3.8
Conjurations   | 1 |  1.4
Dodging        | |  1.7
Stealth        | |  2.4

Action                     |  1- 3 |  4- 6 || total
---------------------------+-------+-------++-------
  Melee: Unarmed           |     3 |       ||     3
         Club              |    12 |       ||    12
         Dagger            |    16 |       ||    16
         Whip              |     8 |    64 ||    72
         Punch             |       |     1 ||     1
   Cast: Sting             |    43 |    56 ||    99
         Mercury Vapours   |     3 |    11 ||    14
         Olgreb's Toxic Ra |       |     5 ||     5
   Stab: Distracted        |       |     1 ||     1
         Sleeping          |       |     1 ||     1
 Armour: Robe              |    24 |    42 ||    66
  Dodge: Dodged            |    28 |    38 ||    66

Table legend: (Time is in decaauts)
 A = Elapsed time spent in this place.
 B = Non-inter-level travel time spent in this place.
 C = Inter-level travel time spent in this place.
 D = Time resting spent in this place.
 E = Time spent auto-exploring this place.
 F = Levels seen in this place.
 G = Mean time per level.
                   A        B        C        D        E       F      G
               +--------+--------+--------+--------+--------+-----+--------+
         Total |   3490 |   3410 |     80 |     76 |   2763 |   5 |  698.0 |
       Dungeon |   3490 |   3410 |     80 |     76 |   2763 |   5 |  698.0 |
               +--------+--------+--------+--------+--------+-----+--------+

Top non-repeatable levels by time:
     D:3: 1069 daAuts
     D:2: 939 daAuts
     D:1: 877 daAuts
     D:4: 555 daAuts
     D:5: 48 daAuts
